 Dungeon Crawl Stone Soup version 0.24-a0-251-g44e327ef01 (webtiles) character file.

Game seed: 6595151434747083555

968 Esekla the Slasher (level 8, 0/54 HPs)
             Began as an Octopode Skald on Apr 17, 2019.
             Slain by a gnoll
             ... wielding a +0 club
              (7 damage)
             ... on level 4 of the Dungeon.
             The game lasted 00:32:26 (4928 turns).

Esekla the Slasher (Octopode Skald)                 Turns: 4928, Time: 00:32:27

Health: 0/54       AC:  1    Str: 11    XL:     8   Next: 15%
Magic:  5/11       EV: 14    Int: 17    God:
Gold:   196        SH:  0    Dex: 11    Spells: 3/11 levels left

rFire    . . .     SeeInvis +   w - +4 whip (elec)
rCold    . . .     Gourm    .   (no shield)
rNeg     . . .     Faith    .   (helmet restricted)
rPois    .         Spirit   .   (no amulet)
rElec    .         Reflect  .   d - ring of see invisible
rCorr    .         Harm     .   q - ring of protection from magic
MR       +....                  (no ring)
Stlth    +++.......             (no ring)
HPRegen  0.18/turn              (no ring)
MPRegen  0.12/turn              (no ring)
                                (no ring)
                                (no ring)

@: singing (expiring)
A: almost no armour, stealthy swim, amphibious, 8 rings, constrict 8, camouflage
1, gelatinous body 1
a: no special abilities


You were on level 4 of the Dungeon.
You were not hungry.

You visited 1 branch of the dungeon, and saw 5 of its levels.

You collected 196 gold pieces.

Inventory:

Hand Weapons
 a - a +0 falchion
 u - a +3 hand axe of chopping
 w - a +4 whip of electrocution (weapon)
Missiles
 o - 7 javelins (quivered)
 v - 3 tomahawks
Jewellery
 d - a ring of see invisible (left tentacle)
 q - a ring of protection from magic (right tentacle)
 s - an uncursed ring of fire
Wands
 C - a wand of random effects (6)
Scrolls
 b - 3 scrolls of enchant armour {unknown}
 e - 3 scrolls of identify {unknown}
 f - 3 scrolls of immolation {unknown}
 g - a scroll of noise {unknown}
 l - 2 scrolls of remove curse {unknown}
 m - a scroll of magic mapping {unknown}
 p - 3 scrolls of amnesia {unknown}
 x - 3 scrolls of teleportation {unknown}
 y - 2 scrolls of blinking {unknown}
 A - a scroll of enchant weapon {unknown}
 B - a scroll of holy word {unknown}
Potions
 h - a potion of curing
 i - a potion of magic {unknown}
 j - a potion of agility {unknown}
 k - a potion of brilliance {unknown}
 n - a potion of lignification {unknown}
 r - a potion of might {unknown}
 t - a potion of heal wounds {unknown}
 z - a potion of mutation {unknown}
Comestibles
 c - a ration


   Skills:
 + Level 4.3 Fighting
 - Level 5.0 Long Blades
 + Level 0.1(2.2) Axes
 * Level 3.6 Maces & Flails
 + Level 3.9 Dodging
 - Level 1.4 Stealth
 + Level 2.3 Spellcasting
 * Level 2.6 Hexes
 + Level 3.1 Charms
 + Level 2.1 Translocations


You had 3 spell levels left.
You knew the following spells:

 Your Spells              Type           Power        Failure   Level  Hunger
a - Infusion              Chrm           ##..         4%          1    #......
b - Shroud of Golubria    Chrm/Tloc      ##........   10%         2    ###....
c - Song of Slaying       Chrm           ##......     8%          2    ###....
d - Spectral Weapon       Hex/Chrm       ##......     17%         3    ###....

Your spell library contained the following spells:

 Spells                   Type           Power        Failure   Level  Hunger
 Regeneration             Chrm/Necr      #.........   28%         3    ###....


Dungeon Overview and Level Annotations

Branches:
Dungeon (5/15)
 Temple: D:4-7

Altars:
Nemelex Xobeh
Trog


Innate Abilities, Weirdness & Mutations

You cannot wear most types of armour.
You are very stealthy in the water. (Stealth+)
You are amphibious.
You can wear up to eight rings at the same time.
You can use your tentacles to constrict eight enemies at once.
Your skin changes colour to match your surroundings (Stealth+).
Your rubbery body absorbs attacks. (AC +1, EV +1)


Message History

You feel better. The hound barely misses you. The hound closely misses you.
Casting: Song of Slaying (safe; 8% risk of failure)
Confirm with . or Enter, or press ? or * to list all spells.
You draw out your weapon's spirit!
Your song is almost over.
The orc hits you.
* * * LOW HITPOINT WARNING * * *
The gnoll hits you with a +0 club!
* * * LOW HITPOINT WARNING * * *
The hound barely misses you.
You hit the orc. Your grab misses the orc.
The orc is almost dead.
Your spectral weapon barely misses the orc.
The hound closely misses you. The orc hits you.
* * * LOW HITPOINT WARNING * * *
The gnoll hits you but does no damage.
You hit the orc.
You kill the orc!
The hound closely misses you. The gnoll hits you with a +0 club!
You die...

######## #####
##.....@#######.....
......gh(...........
.......o............
....>...............
....................
#
#............#.....
# #........)...# ...
## #............# .
.# .........(...#


You could see a hound, a gnoll, an orc and a friendly spectral +4 whip of
electrocution.

Vanquished Creatures
  Menkaure (D:4)
  A sky beast (D:5)
  2 ogres
  A centaur (D:5)
  Blork the orc (D:4)
  A scorpion (D:5)
  3 crimson imps (D:5)
  A hound (D:5)
  An orc priest (D:3)
  An orc wizard (D:3)
  4 adders
  5 gnolls
  A shadow imp (D:5)
  An adder zombie (D:5)
  4 worms
  5 dart slugs
  2 leopard geckos (D:1)
  14 orcs
  4 giant cockroaches
  5 goblins
  7 hobgoblins
  3 jackals (D:5)
  A quokka (D:3)
  9 bats
  3 frilled lizards
  5 kobolds
  6 rats
92 creatures vanquished.

Vanquished Creatures (others)
  A spectral weapon (D:4)
1 creature vanquished.

Grand Total: 93 creatures vanquished

Notes
Turn   | Place    | Note
-------+----------+-------------------------------------------
     0 | D:1      | Esekla the Octopode Skald began the quest for the Orb.
     0 | D:1      | Reached XP level 1. HP: 14/14 MP: 3/3
   203 | D:1      | Reached XP level 2. HP: 13/19 MP: 5/5
   214 | D:1      | Learned a level 2 spell: Shroud of Golubria
   217 | D:1      | Learned a level 2 spell: Song of Slaying
   468 | D:1      | Found a sparkling altar of Nemelex Xobeh.
   620 | D:1      | Reached XP level 3. HP: 9/25 MP: 6/6
  1041 | D:2      | Reached skill level 1 in Stealth
  1253 | D:2      | Reached skill level 1 in Translocations
  1256 | D:2      | Reached XP level 4. HP: 21/30 MP: 7/7
  1869 | D:2      | Found a bloodstained altar of Trog.
  1996 | D:3      | Reached skill level 3 in Long Blades
  1996 | D:3      | Reached XP level 5. HP: 26/36 MP: 8/8
  3155 | D:3      | Found a sparkling altar of Nemelex Xobeh.
  3223 | D:3      | Learned a level 3 spell: Spectral Weapon
  3515 | D:4      | Noticed Blork the orc
  3531 | D:4      | Killed Blork the orc
  3531 | D:4      | Reached skill level 1 in Maces & Flails
  3531 | D:4      | Reached XP level 6. HP: 28/42 MP: 9/9
  3555 | D:4      | Reached skill level 4 in Long Blades
  4280 | D:4      | Noticed Menkaure
  4289 | D:4      | Killed Menkaure
  4289 | D:4      | Reached skill level 1 in Hexes
  4289 | D:4      | Reached XP level 7. HP: 35/47 MP: 6/10
  4367 | D:5      | Entered Level 5 of the Dungeon
  4399 | D:5      | Reached skill level 5 in Long Blades
  4745 | D:5      | Reached XP level 8. HP: 54/54 MP: 7/11
  4928 | D:4      | Slain by a gnoll

Levels and vault maps discovered:
D:1:      dpeg_arrival_erosion, layout_basic, solitary_fountain,
          minmay_tree_intersection, nemelex_diamond_rough_becter
D:2:      layout_loops_cross, old_standard_altar
D:3:      layout_basic, nemelex_altar_shiori, first_ration
D:4:      layout_cave_pods, kennysheep_generic_room_2, uniq_duvessa,
          uniq_menkaure, uniq_blork_the_orc
D:5:      layout_layer_cave, uniq_grinder

Skill      XL: |  1  2  3  4  5  6  7 |
---------------+----------------------+-----
Stealth        | 1 |  1.4
Translocations | 1 2 |  2.1
Dodging        | 3 |  3.9
Long Blades    | 3 4 5 |  5.0
Fighting       | 3 4 |  4.3
Maces & Flails | 1 2 3 |  3.6
Hexes          | 1 2 |  2.6
Axes           | |  0.1
Spellcasting   | |  2.3
Charms         | |  3.1

Action                   |  1- 3 |  4- 6 |  7- 9 || total
-------------------------+-------+-------+-------++-------
Melee: Falchion          |    49 |    96 |       ||   145
       Constrict         |    18 |    32 |     4 ||    54
       Tentacles         |     9 |    18 |     7 ||    34
       Whip              |       |     8 |    38 ||    46
       Hand axe          |       |       |     2 ||     2
Throw: Javelin           |       |     3 |       ||     3
 Cast: Shroud of Golubri |     2 |     1 |       ||     3
       Song of Slaying   |       |     1 |     1 ||     2
       Spectral Weapon   |       |     1 |     4 ||     5
  Use: Potion            |       |       |     2 ||     2
 Stab: Sleeping          |     4 |    13 |     1 ||    18
       Distracted        |       |     1 |       ||     1
  Eat: Chunk             |     1 |       |       ||     1
       Ration            |       |     3 |     1 ||     4
Armor: Skin              |     8 |     4 |     1 ||    13
Dodge: Dodged            |    36 |    62 |    55 ||   153
       Rpst.: Falchion   |    13 |    15 |       ||    28

Table legend:
 A = Non-vault XP
 B = Vault XP
 C = Vault XP percentage of total XP
 D = Non-vault monster count
 E = Vault monster count
 F = Vault count percentage of total count
                 A         B        C        D         E       F
            +---------+---------+-------+---------+---------+-------
      Total |    1115 |     268 |  19.4 |      90 |       2 |   2.2
            +---------+---------+-------+---------+---------+-------
        D:1 |      34 |       0 |   0.0 |      17 |       0 |   0.0
        D:2 |     104 |       0 |   0.0 |      22 |       0 |   0.0
        D:3 |     167 |       0 |   0.0 |      31 |       0 |   0.0
        D:4 |     168 |     268 |  61.5 |       7 |       2 |  22.2
        D:5 |     642 |       0 |   0.0 |      13 |       0 |   0.0
            +---------+---------+-------+---------+---------+-------
